BSA
BIRMINGHAM STEELDOGS @ NASSAU ROCKETS
09/13/2025
 
TOP OF THE 1ST
Birmingham Steeldogs batting - Pitching for Nassau Rockets : LHP Dave Miller
Pitching: LHP Dave Miller
Batting: LHB Glenn Garrett 0-0: Ball
1-0: Foul Ball, location: 2F
1-1: Foul Ball, location: 2F
1-2: Foul Ball, location: 2F
1-2: Foul Ball, location: 2F
1-2: Ball
2-2: Ball
3-2: SINGLE (Flyball, 78S)
Batting: LHB José Sánchez 0-0: Swinging Strike
0-1: Swinging Strike
0-2: Ball
1-2: Fly out, F3 (Popup, 4MS)
Batting: RHB Valentín Borges 0-0: Ball
1-0: Called Strike
1-1: Ball
2-1: 2-RUN HOME RUN (Flyball, 89XD), Distance : 387 ft
Batting: RHB Eric Johnson 0-0: Ball
1-0: Ball
2-0: Ball
3-0: Base on Balls
Batting: LHB Chris Miller 0-0: Foul Ball, location: 2F
0-1: Ball
1-1: Ball
2-1: Called Strike
2-2: Foul Ball, location: 2F
2-2: Foul Ball, location: 2F
2-2: Ball
3-2: Ground out 4-3 (Groundball, 4M)
Eric Johnson to second
Batting: SHB Jesús Ramírez 0-0: Ball
1-0: Ball
2-0: Fly out, F7 (Popup, 5DF)
Top of the 1st over - 2 run(s), 2 hit(s), 0 error(s), 1 left on base; Birmingham 2 - Nassau 0
BOTTOM OF THE 1ST
Nassau Rockets batting - Pitching for Birmingham Steeldogs : RHP Arthur Green
Pitching: RHP Arthur Green
Batting: LHB Andrew Alvarado 0-0: Ground out 4-3 (Groundball, 4)
Batting: LHB Bob Martin 0-0: Called Strike
0-1: Called Strike
0-2: Ground out 3-1 (Groundball, 34)
Batting: LHB Alden Lindsey 0-0: Called Strike
0-1: Foul Ball, location: 2F
0-2: Ball
1-2: Ball
2-2: Ball
3-2: Base on Balls
Batting: SHB Chris Bennis 0-0: Foul Ball, location: 2F
0-1: Ground out U3 (Groundball, 3S)
Bottom of the 1st over - 0 run(s), 0 hit(s), 0 error(s), 1 left on base; Birmingham 2 - Nassau 0
TOP OF THE 2ND
Birmingham Steeldogs batting - Pitching for Nassau Rockets : LHP Dave Miller
Batting: LHB Arturo Molina 0-0: Ball
1-0: Called Strike
1-1: Ground out 6-3 (Groundball, 6)
Batting: LHB Mitchell Oglethorpe 0-0: Ball
1-0: Ball
2-0: Ball
3-0: Called Strike
3-1: Called Strike
3-2: SOLO HOME RUN (Flyball, 8RXD), Distance : 438 ft
Batting: RHB Paço Ttes 0-0: Ball
1-0: Ball
2-0: Foul Ball, location: 2F
2-1: Foul Ball, location: 2F
2-2: Ground out 5-3 (Groundball, 56)
Batting: LHB Glenn Garrett 0-0: Called Strike
0-1: Foul Ball, location: 2F
0-2: Ball
1-2: Ball
2-2: Foul Ball, location: 2F
2-2: Ball
3-2: Fly out, F8 (Flyball, 8RM)
Top of the 2nd over - 1 run(s), 1 hit(s), 0 error(s), 0 left on base; Birmingham 3 - Nassau 0
BOTTOM OF THE 2ND
Nassau Rockets batting - Pitching for Birmingham Steeldogs : RHP Arthur Green
Batting: LHB Phil Smith 0-0: Swinging Strike
0-1: Called Strike
0-2: Strikes out swinging
Batting: RHB José Hernández 0-0: Swinging Strike
0-1: Ball
1-1: Ball
2-1: Ball
3-1: Swinging Strike
3-2: Foul Ball, location: 2F
3-2: Foul Ball, location: 2F
3-2: Foul Ball, location: 2F
3-2: Strikes out looking
Batting: LHB Rafael Delgado 0-0: Ball
1-0: Ball
2-0: Ball
3-0: Called Strike
3-1: Ground out U3 (Groundball, 3)
Bottom of the 2nd over - 0 run(s), 0 hit(s), 0 error(s), 0 left on base; Birmingham 3 - Nassau 0
TOP OF THE 3RD
Birmingham Steeldogs batting - Pitching for Nassau Rockets : LHP Dave Miller
Batting: LHB José Sánchez 0-0: Fly out, F3 (Line Drive, 34)
Batting: RHB Valentín Borges 0-0: SOLO HOME RUN (Flyball, 9D), Distance : 365 ft
Batting: RHB Eric Johnson 0-0: Ball
1-0: Swinging Strike
1-1: Foul Ball, location: 2F
1-2: TRIPLE (Popup, 9S)
Batting: LHB Chris Miller 0-0: Ball
1-0: Ball
2-0: Ball
3-0: Called Strike
3-1: Foul Ball, location: 2F
3-2: Base on Balls
Batting: SHB Jesús Ramírez 0-0: Called Strike
0-1: Called Strike
0-2: Ball
Chris Miller steals 2nd base
1-2: Strikes out swinging
Batting: LHB Arturo Molina 0-0: Called Strike
0-1: Swinging Strike
0-2: Strikes out swinging
Top of the 3rd over - 1 run(s), 2 hit(s), 0 error(s), 2 left on base; Birmingham 4 - Nassau 0
BOTTOM OF THE 3RD
Nassau Rockets batting - Pitching for Birmingham Steeldogs : RHP Arthur Green
Batting: RHB Victor Andrews 0-0: Ground out 5-3 (Groundball, 56)
Batting: RHB Salvador Borbón 0-0: Ball
1-0: Ball
2-0: Ball
3-0: Base on Balls
Batting: LHB Andrew Alvarado 0-0: DOUBLE (Line Drive, 9LS)
Salvador Borbón to third
Batting: LHB Bob Martin 0-0: Fly out, F8 (Flyball, 8LM)
Runner from 3rd tags up, SCORES, throw made
Batting: LHB Alden Lindsey 0-0: Ball
1-0: Called Strike
1-1: Ball
2-1: Ball
3-1: SINGLE (Line Drive, 7LS)
Andrew Alvarado to third
Runner from 3rd tries for Home, SAFE, no throw or cutoff
Batting: SHB Chris Bennis 0-0: Ball
1-0: Foul Ball, location: 2F
1-1: SINGLE (Line Drive, 9S)
Alden Lindsey to second
Batting: LHB Phil Smith 0-0: Ball
1-0: Ball
2-0: Swinging Strike
2-1: Swinging Strike
2-2: Ball
3-2: DOUBLE (Groundball, 3L)
Alden Lindsey scores
Chris Bennis to third
Chris Bennis scores
Batting: RHB José Hernández 0-0: Ball
Wild Pitch!
Phil Smith to third
1-0: Ground out 6-3 (Groundball, 6)
Bottom of the 3rd over - 4 run(s), 4 hit(s), 0 error(s), 1 left on base; Birmingham 4 - Nassau 4
TOP OF THE 4TH
Birmingham Steeldogs batting - Pitching for Nassau Rockets : LHP Dave Miller
Batting: LHB Mitchell Oglethorpe 0-0: Ball
1-0: Called Strike
1-1: Fly out, F6 (Popup, 6D)
Batting: RHB Paço Ttes 0-0: Hit by Pitch
Batting: LHB Glenn Garrett 0-0: Called Strike
0-1: SINGLE (Groundball, 34)
Paço Ttes to second
Paço Ttes to third
Batting: LHB José Sánchez 0-0: Ball
1-0: Fielders Choice at 2nd, 4-6 (Groundball, 4)
Paço Ttes scores
Batting: RHB Valentín Borges 0-0: Ball
1-0: Ball
2-0: Ball
3-0: DOUBLE (Line Drive, 89XD)
José Sánchez to third
Runner from 3rd tries for Home, SAFE, no throw or cutoff
Batting: RHB Eric Johnson 0-0: Foul Ball, location: 2F
0-1: Swinging Strike
0-2: Ball
1-2: Ball
2-2: Strikes out swinging
Top of the 4th over - 2 run(s), 2 hit(s), 0 error(s), 1 left on base; Birmingham 6 - Nassau 4
BOTTOM OF THE 4TH
Nassau Rockets batting - Pitching for Birmingham Steeldogs : RHP Arthur Green
Batting: LHB Rafael Delgado 0-0: Swinging Strike
0-1: Foul Ball, location: 2F
0-2: Strikes out swinging
Batting: RHB Victor Andrews 0-0: Ball
1-0: Foul Ball, location: 2F
1-1: Ground out 4-3 (Groundball, 4M)
Batting: RHB Salvador Borbón 0-0: Ball
1-0: Ball
2-0: Ball
3-0: Called Strike
3-1: Foul Ball, location: 2F
3-2: Strikes out swinging
Bottom of the 4th over - 0 run(s), 0 hit(s), 0 error(s), 0 left on base; Birmingham 6 - Nassau 4
TOP OF THE 5TH
Birmingham Steeldogs batting - Pitching for Nassau Rockets : LHP Dave Miller
Pitching: RHP José García
Batting: LHB Chris Miller 0-0: Ball
1-0: Ball
2-0: Foul Ball, location: 2F
2-1: Foul Ball, location: 2F
2-2: Ball
3-2: SOLO HOME RUN (Flyball, 89XD), Distance : 399 ft
Batting: SHB Jesús Ramírez 0-0: Ball
1-0: Called Strike
1-1: Called Strike
1-2: Strikes out swinging
Batting: LHB Arturo Molina 0-0: Foul Ball, location: 2F
0-1: Fly out, F7 (Flyball, 7LM)
Batting: LHB Mitchell Oglethorpe 0-0: Ball
1-0: Swinging Strike
1-1: Called Strike
1-2: Foul Ball, location: 2F
1-2: Fly out, F4 (Popup, 34)
Top of the 5th over - 1 run(s), 1 hit(s), 0 error(s), 0 left on base; Birmingham 7 - Nassau 4
BOTTOM OF THE 5TH
Nassau Rockets batting - Pitching for Birmingham Steeldogs : RHP Arthur Green
Batting: LHB Andrew Alvarado 0-0: Called Strike
0-1: Swinging Strike
0-2: SOLO HOME RUN (Flyball, 9D), Distance : 345 ft
Batting: LHB Bob Martin 0-0: Ground out 1-3 (Groundball, 15)
Batting: LHB Alden Lindsey 0-0: Swinging Strike
0-1: Ball
1-1: Ball
2-1: Swinging Strike
2-2: Strikes out looking
Batting: SHB Chris Bennis 0-0: Ground out 5-3 (Groundball, 5S)
Bottom of the 5th over - 1 run(s), 1 hit(s), 0 error(s), 0 left on base; Birmingham 7 - Nassau 5
TOP OF THE 6TH
Birmingham Steeldogs batting - Pitching for Nassau Rockets : RHP José García
Batting: RHB Paço Ttes 0-0: Foul Ball, location: 2F
0-1: Called Strike
0-2: Ball
1-2: SINGLE (Line Drive, 9LS)
Batting: LHB Glenn Garrett 0-0: Called Strike
0-1: Foul Ball, location: 2F
0-2: SINGLE (Groundball, 4MD)
Paço Ttes to second
Batting: LHB José Sánchez 0-0: Ball
1-0: Fielders Choice at 2nd, 1-6 (Groundball, 15S)
Paço Ttes to third
Batting: RHB Valentín Borges 0-0: Ball
1-0: Ball
2-0: Ball
3-0: Base on Balls
José Sánchez to second
Batting: RHB Eric Johnson 0-0: Fly out, F9 (Flyball, 89D)
Runner from 3rd tags up, SCORES, no throw
Batting: LHB Chris Miller 0-0: Ball
1-0: Ball
2-0: Foul Ball, location: 2F
2-1: Ball
3-1: DOUBLE (Flyball, 7D)
José Sánchez scores
Valentín Borges to third
Runner from 3rd tries for Home, SAFE, throw made home
Pitching: RHP Augusto Muńíz
Batting: SHB Jesús Ramírez 0-0: Ball
1-0: Ball
2-0: Ball
3-0: Called Strike
3-1: Foul Ball, location: 2F
3-2: Strikes out swinging
Top of the 6th over - 3 run(s), 3 hit(s), 0 error(s), 1 left on base; Birmingham 10 - Nassau 5
BOTTOM OF THE 6TH
Nassau Rockets batting - Pitching for Birmingham Steeldogs : RHP Arthur Green
Batting: LHB Phil Smith 0-0: Ball
1-0: Foul Ball, location: 2F
1-1: Ball
2-1: Ground out 6-3 (Groundball, 6)
Batting: RHB José Hernández 0-0: Called Strike
0-1: Ground out 5-3 (Groundball, 5)
Batting: LHB Rafael Delgado 0-0: Foul Ball, location: 2F
0-1: Ball
1-1: Swinging Strike
1-2: Ball
2-2: Ball
3-2: Base on Balls
Batting: RHB Victor Andrews 0-0: Called Strike
Rafael Delgado steals 2nd base
0-1: Ball
1-1: Fly out, F8 (Flyball, 8LM)
Bottom of the 6th over - 0 run(s), 0 hit(s), 0 error(s), 1 left on base; Birmingham 10 - Nassau 5
TOP OF THE 7TH
Birmingham Steeldogs batting - Pitching for Nassau Rockets : RHP Augusto Muńíz
Batting: LHB Arturo Molina 0-0: SINGLE (Groundball, 4MD)
Batting: LHB Mitchell Oglethorpe 0-0: Called Strike
0-1: Foul Ball, location: 2F
0-2: Ball
1-2: Foul Ball, location: 2F
1-2: Fly out, F8 (Flyball, 8LXD)
Batting: RHB Paço Ttes 0-0: Swinging Strike
0-1: Swinging Strike
0-2: Strikes out swinging
Batting: LHB Glenn Garrett 0-0: Ball
1-0: Ball
2-0: Called Strike
2-1: Swinging Strike
2-2: Ground out 4-3 (Groundball, 4)
Top of the 7th over - 0 run(s), 1 hit(s), 0 error(s), 1 left on base; Birmingham 10 - Nassau 5
BOTTOM OF THE 7TH
Nassau Rockets batting - Pitching for Birmingham Steeldogs : RHP Arthur Green
Batting: RHB Salvador Borbón 0-0: Foul Ball, location: 2F
0-1: Called Strike
0-2: Strikes out swinging
Batting: LHB Andrew Alvarado 0-0: Ground out 4-3 (Groundball, 4)
Batting: LHB Bob Martin 0-0: Ball
1-0: SINGLE (Groundball, 4MD)
Batting: LHB Alden Lindsey 0-0: Ball
1-0: Ground out 1-3 (Groundball, 23)
Bottom of the 7th over - 0 run(s), 1 hit(s), 0 error(s), 1 left on base; Birmingham 10 - Nassau 5
TOP OF THE 8TH
Birmingham Steeldogs batting - Pitching for Nassau Rockets : RHP Augusto Muńíz
Batting: LHB José Sánchez 0-0: Ball
1-0: Called Strike
1-1: Ball
2-1: SINGLE (Flyball, 7S)
Batting: RHB Valentín Borges 0-0: Ball
1-0: Ball
2-0: Ball
3-0: Base on Balls
José Sánchez to second
Batting: RHB Eric Johnson 0-0: Called Strike
0-1: Foul Ball, location: 2F
0-2: Strikes out looking
Batting: LHB Chris Miller 0-0: SINGLE (Groundball, 34D)
José Sánchez to third
Valentín Borges to second
Runner from 3rd tries for Home, throw and OUT!
Valentín Borges to third
Chris Miller to second
Batting: SHB Jesús Ramírez 0-0: Foul Ball, location: 2F
0-1: Foul Ball, location: 2F
0-2: Ball
1-2: Ball
2-2: Foul Ball, location: 2F
2-2: SINGLE (Groundball, 3D)
Valentín Borges scores
Chris Miller to third
Runner from 3rd tries for Home, SAFE, no throw or cutoff
Batting: LHB Arturo Molina 0-0: Ball
1-0: Swinging Strike
1-1: Ball
2-1: Ball
3-1: Fly out, F2 (Popup, 2LF)
Top of the 8th over - 2 run(s), 3 hit(s), 0 error(s), 1 left on base; Birmingham 12 - Nassau 5
BOTTOM OF THE 8TH
Nassau Rockets batting - Pitching for Birmingham Steeldogs : RHP Arthur Green
Pitching: RHP José Ruíz
Batting: SHB Chris Bennis 0-0: Ball
1-0: DOUBLE (Line Drive, 78D)
Batting: LHB Phil Smith 0-0: Called Strike
0-1: Ball
1-1: Ground out 5-3 (Groundball, 56)
Batting: RHB José Hernández 0-0: Ball
1-0: Called Strike
1-1: Ball
2-1: Ball
3-1: Base on Balls
Pinch Hitting: LHB Felipe Cruz 0-0: Ball
1-0: Called Strike
1-1: Ball
2-1: Ball
3-1: Foul Ball, location: 2F
3-2: Foul Ball, location: 2F
3-2: Fly out, F3 (Popup, 3F)
Batting: RHB Victor Andrews 0-0: Ball
1-0: Called Strike
1-1: Fly out, F3 (Popup, 3SF)
Bottom of the 8th over - 0 run(s), 1 hit(s), 0 error(s), 2 left on base; Birmingham 12 - Nassau 5
TOP OF THE 9TH
Birmingham Steeldogs batting - Pitching for Nassau Rockets : RHP Augusto Muńíz
Pitching: RHP Tomás Molina
Now in CF: Felipe Cruz
Batting: LHB Mitchell Oglethorpe 0-0: Ball
1-0: Called Strike
1-1: Ball
2-1: Swinging Strike
2-2: Foul Ball, location: 2F
2-2: Strikes out swinging
Batting: RHB Paço Ttes 0-0: Foul Ball, location: 2F
0-1: Ball
1-1: Ground out 5-3 (Groundball, 5D)
Batting: LHB Glenn Garrett 0-0: Swinging Strike
0-1: Fly out, F8 (Flyball, 8LM)
Top of the 9th over - 0 run(s), 0 hit(s), 0 error(s), 0 left on base; Birmingham 12 - Nassau 5
BOTTOM OF THE 9TH
Nassau Rockets batting - Pitching for Birmingham Steeldogs : RHP José Ruíz
Batting: RHB Salvador Borbón 0-0: Ball
1-0: Foul Ball, location: 2F
1-1: Swinging Strike
1-2: Strikes out swinging
Batting: LHB Andrew Alvarado 0-0: Foul Ball, location: 2F
0-1: Foul Ball, location: 2F
0-2: Strikes out swinging
Batting: LHB Bob Martin 0-0: Ball
1-0: Ball
2-0: Foul Ball, location: 2F
2-1: SINGLE (Line Drive, 34)
Batting: LHB Alden Lindsey 0-0: Foul Ball, location: 2F
0-1: SINGLE (Groundball, 34D)
Bob Martin to second
Runner from 2nd tries for 3rd, SAFE, throw made to third
Alden Lindsey to second
Batting: SHB Chris Bennis 0-0: Called Strike
0-1: Ground out 5-3 (Groundball, 56)
Bottom of the 9th over - 0 run(s), 2 hit(s), 0 error(s), 2 left on base; Birmingham 12 - Nassau 5
This league is powered by Out of the Park Baseball, the baseball management simulation game for PC, Mac and Linux
Tuesday, August 2nd, 2016 - OOTP Baseball 16.8 Build 38